 Dungeon Crawl Stone Soup version 0.20-a0-553-g9f38e11 (webtiles) character file.

79 drasked the Magician (level 4, -1/21 HPs)
             Began as a Spriggan Wizard on Feb 3, 2017.
             Shot with an arrow by a centaur (7 damage)
             ... on level 3 of the Dungeon.
             The game lasted 00:11:54 (2139 turns).

drasked the Magician (Spriggan Wizard)              Turns: 2139, Time: 00:11:54

Health: -1/21      AC:  4    Str:  3    XL:     4   Next: 17%
Magic:  9/12       EV: 18    Int: 20    God:
Gold:   116        SH:  0    Dex: 14    Spells: 4/14 levels left

rFire    . . .     SeeInvis +   t - +0 dagger
rCold    . . .     Gourm    .   a - +0 robe
rNeg     . . .     Faith    .   (shield restricted)
rPois    .         Spirit   .   b - +0 hat
rElec    .         Reflect  .   n - +1 cloak
rCorr    .         Harm     .   (gloves unavailable)
MR       .....                  (boots unavailable)
Stlth    ++........             (no amulet)
Regen    0.1/turn               (no ring)
                                (no ring)

@: very slightly contaminated, very quick
A: unfitting armour, see invisible, herbivore 3, speed 3, slow metabolism 2
a: no special abilities


You were on level 3 of the Dungeon.
You were not hungry.

You visited 1 branch of the dungeon, and saw 3 of its levels.

You collected 116 gold pieces.

Inventory:

Hand Weapons
 t - a +0 dagger (weapon)
   (You found it on level 2 of the Dungeon)
Armour
 a - a +0 robe (worn)
 b - a +0 hat (worn)
 n - a +1 cloak (worn)
   (You found it on level 1 of the Dungeon)
Jewellery
 k - an uncursed ring of wizardry {unknown}
   (You found it on level 1 of the Dungeon)
Scrolls
 e - a scroll of fog {unknown}
 f - a scroll of remove curse {unknown}
 i - 2 scrolls of teleportation {unknown}
 j - a scroll of magic mapping {unknown}
 l - 3 scrolls of recharging {unknown}
 m - 3 scrolls of identify {unknown}
 r - 3 scrolls of enchant weapon {unknown}
 u - a scroll of immolation {unknown}
Potions
 g - 3 potions of brilliance {unknown}
 h - a potion of mutation {unknown}
 o - 2 potions of might {unknown}
 p - a potion of cancellation {unknown}
 q - a potion of lignification {unknown}
 s - a potion of invisibility {unknown}
Books
 c - a book of Minor Magic
Comestibles
 d - 2 bread rations {@e1}


   Skills:
 - Level 3.0 Dodging
 - Level 3.1 Stealth
 + Level 5.6 Spellcasting
 + Level 1.6 Conjurations
 - Level 0.7 Summonings
 - Level 1.5 Translocations


You had 4 spell levels left.
You knew the following spells:

 Your Spells              Type           Power        Failure   Level  Hunger
a - Magic Dart            Conj           ##..         6%          1    None
b - Blink                 Tloc           N/A          12%         2    None
c - Call Imp              Summ           #.......     14%         2    None
d - Repel Missiles        Chrm/Air       #.....       21%         2    None
x - Mephitic Cloud        Conj/Pois/Air  #.......     30%         3    ##.....


Dungeon Overview and Level Annotations

Branches:
Dungeon (3/15)

Altars:
Hepliaklqana
Okawaru
Yredelemnul


Innate Abilities, Weirdness & Mutations

You are very small and have problems with some larger weapons.
You are too small for most types of armour.
You have supernaturally acute eyesight. (SInv)
You are a herbivore.
You cover ground extremely quickly.
You need consume almost no food.


Message History

A beastly little devil appears in a puff of flame.
You now have 8/12 mp.
A beastly little devil appears in a puff of flame.
You now have 7/12 mp.
What are your orders? t - Shout!
Orders for allies: a - Attack new target. r - Retreat! s - Stop attacking. g - Guard the area. f - Follow me.
Anything else - Cancel.
Gang up on whom?
Aim: a gnoll, wielding a club (resting) Attack!
Your crimson imp hits the gnoll!
The gnoll barely misses your crimson imp.
Your crimson imp hits the gnoll.
Your crimson imp hits the gnoll but does no damage.
The gnoll closely misses your crimson imp.
Your crimson imp hits the gnoll but does no damage.
Your crimson imp completely misses the gnoll.
Your crimson imp hits the gnoll but does no damage.
The gnoll hits your crimson imp with a club.
Your crimson imp blinks!
Your crimson imp closely misses the gnoll.
The gnoll closely misses your crimson imp.
Your crimson imp closely misses the gnoll.
The gnoll completely misses your crimson imp.
Your crimson imp hits the gnoll.
The gnoll dies!
A centaur comes into view.
You swap places.
Your crimson imp disappears in a puff of smoke!
What are your orders? t - Shout!
Orders for allies: a - Attack new target. r - Retreat! s - Stop attacking. g - Guard the area. f - Follow me.
Anything else - Cancel.
Gang up on whom?
Aim: a centaur (resting) Attack!
The centaur shouts!
The centaur wields a shortbow.
The centaur shoots an arrow.
The arrow is repelled.
You feel less protected from missiles.
The centaur shoots an arrow.
The arrow closely misses you.
You see here a long sword.
A beastly little devil appears in a puff of flame.
You now have 7/12 mp.
The centaur shoots an arrow.
The arrow closely misses your crimson imp.
The arrow hits you!
You take 10 damage, and have 11/21 hp.
MASSIVE DAMAGE!!
What are your orders? t - Shout!
Orders for allies: a - Attack new target. p - Attack previous target. r - Retreat! s - Stop attacking. g - Guard the area. f - Follow me.
Anything else - Cancel.
Gang up on whom?
Aim: a centaur, wielding a shortbow Attack!
The centaur shoots an arrow.
The arrow hits your crimson imp!
Your crimson imp disappears in a puff of smoke!
Something closely misses your crimson imp.
The centaur wields a shortbow.
The centaur shoots an arrow.
The arrow misses your crimson imp. The arrow closely misses you.
The centaur shoots an arrow.
The arrow hits your crimson imp.
Your crimson imp hits the centaur but does no damage.
You see here an arrow.
A gnoll comes into view. It is wielding a whip.
The centaur shoots an arrow.
The arrow hits you!
* * * LOW HITPOINT WARNING * * *
You see here an arrow.
You take 10 damage, and have 2/21 hp.
MASSIVE DAMAGE!!
The centaur shoots an arrow.
The arrow closely misses you.
You see here an arrow.
You feel protected from missiles.
You now have 9/12 mp.
A worm comes into view.
Found a basalt altar of Yredelemnul.
You see here a leather armour.
There is a stone staircase leading up here.
There is a stone staircase leading up here.
You start resting.
You regained 2 hp, and now have 6/21 hp.
MP restored: 12
Casting: Repel Missiles You can't see any susceptible monsters within range! (Use Z to cast anyway.)
Casting: Repel Missiles You miscast Mephitic Cloud.
You are very lightly contaminated with residual magic.
Your vision is briefly tinged with green.
The centaur shouts!
The centaur shoots an arrow.
The arrow is repelled.
You feel less protected from missiles.
You now have 9/12 mp.
The centaur shoots an arrow.
The arrow hits you!
You die...

......(.......###.....######.#
...(.............c....# #.#
#...#..#.....####.##..### #.#
)[.....#.....# #.##....# #.#
....#..####### #.##.##.# #.#
##|.......# #.##.##.# #.#
#..#..##.# #.##.##.####.#
#..#..##.#######.##.......#.#
#.
#..##.....[.@.#####.##<#.####
#. #w.############ #.##.#.....
#... #.##.###### #.#. ##.#...#
# ._ #..#.#.# # #..._..# #
#..#.#.# ##......###
#......5..# #


You could see a centaur.

Vanquished Creatures
  2 leopard geckos
  3 bats
  5 hobgoblins
  2 frilled lizards
  4 goblins (D:1)
  2 kobolds
  A rat (D:1)
19 creatures vanquished.

Vanquished Creatures (collateral kills)
  The ghost of drasked the Magician, an amateur SpCj (D:3)
  A gnoll (D:3)
  4 worms
  A leopard gecko (D:2)
  A ball python (D:2)
  3 giant cockroaches
  3 goblins
  3 hobgoblins
  3 jackals (D:2)
  A kobold (D:3)
  2 quokkas (D:3)
  2 rats (D:2)
25 creatures vanquished.

Grand Total: 44 creatures vanquished

Notes
Turn   | Place    | Note
-------+----------+-------------------------------------------
     0 | D:1      | drasked the Spriggan Wizard began the quest for the Orb.
     0 | D:1      | Reached XP level 1. HP: 9/9 MP: 6/6
   554 | D:1      | Reached XP level 2. HP: 13/13 MP: 0/8
   575 | D:1      | Learned a level 2 spell: Call Imp
   578 | D:1      | Learned a level 2 spell: Blink
   581 | D:1      | Learned a level 2 spell: Repel Missiles
  1061 | D:2      | Reached skill level 1 in Conjurations
  1249 | D:2      | Found an iron altar of Okawaru.
  1340 | D:2      | Reached skill level 5 in Spellcasting
  1461 | D:2      | Reached XP level 3. HP: 16/16 MP: 3/10
  1790 | D:3      | Found a hazy altar of Hepliaklqana.
  1800 | D:3      | Noticed drasked's ghost (amateur SpCj)
  1808 | D:3      | Killed drasked's ghost
  1808 | D:3      | Reached XP level 4. HP: 21/21 MP: 5/12
  1813 | D:3      | Learned a level 3 spell: Mephitic Cloud
  2048 | D:3      | Noticed a centaur
  2065 | D:3      | HP: 2/21 [centaur/arrow (10)]
  2102 | D:3      | Found a basalt altar of Yredelemnul.
  2139 | D:3      | Shot with an arrow by a centaur

Vault maps used:
D:1:      lightli_arrival_isolated_outpost
D:2:      nicolae_overflow_crystal_walls, kennysheep_generic_room_3
D:3:      lemuel_crystal_altar, lemuel_crystal_altar

Skill      XL: |  1  2 |
---------------+-------+-----
Conjurations   | 1 |  1.6
Spellcasting   | 5 |  5.6
Dodging        | |  3.0
Stealth        | |  3.1
Summonings     | |  0.7
Translocations | |  1.5

Action                   |  1- 3 |  4- 6 || total
-------------------------+-------+-------++-------
Melee: Unarmed           |     2 |       ||     2
 Cast: Magic Dart        |    52 |       ||    52
       Call Imp          |    15 |    11 ||    26
       Repel Missiles    |     1 |     1 ||     2
Dodge: Dodged            |    10 |     3 ||    13
       Deflected         |       |     2 ||     2

Vault maps used:
D:1:      lightli_arrival_isolated_outpost
D:2:      nicolae_overflow_crystal_walls, kennysheep_generic_room_3
D:3:      lemuel_crystal_altar, lemuel_crystal_altar

Table legend:
 A = Turns spent in this place as a percentage of turns spent in the entire game.
 B = Non-inter-level travel turns spent in this place as a percentage of non-inter-level travel turns spent in the entire game.
 C = Inter-level travel turns spent in this place as a percentage of turns spent in this place.
 D = Turns resting spent in this place as a percentage of non-inter-level travel turns spent in this place.
 E = Turns spent auto-exploring this place as a percentage of non-inter-level travel turns spent in this place.
 F = Non-inter-level travel turns spent in this place divided by the number of levels of this place that you've seen.
                   A       B       C       D       E      F
               +-------+-------+-------+-------+-------+----------------------
         Total | 100.0 | 100.0 |   0.2 |   2.9 |   9.0 | 278.7
       Dungeon | 100.0 | 100.0 |   0.2 |   2.9 |   9.0 | 278.7
               +-------+-------+-------+-------+-------+----------------------

Table legend:
 A = Kills in this place as a percentage of kills in entire the game.
 B = Kills by you in this place as a percentage of kills by you in the entire game.
 C = Kills by friends in this place as a percentage of kills by friends in the entire game.
 D = Other kills in this place as a percentage of other kills in the entire game.
 E = Experience gained in this place as a percentage of experience gained in the entire game.
 F = Experience gained in this place divided by the number of levels of this place that you have seen.
                   A       B       C       D       E      F
               +-------+-------+-------+-------+-------+----------------------
         Total | 100.0 | 100.0 | 100.0 |  -nan | 100.0 |  38.0
       Dungeon | 100.0 | 100.0 | 100.0 |  -nan | 100.0 |  38.0
               +-------+-------+-------+-------+-------+----------------------
